 Dungeon Crawl Stone Soup version 0.21-a0-507-ga8f6b7a (webtiles) character file.

61 BIGCUM the Skirmisher (level 3, -1/34 HPs)
             Began as a Minotaur Abyssal Knight on Nov 27, 2017.
             Was a Follower of Lugonu.
             Slain by an adder (3 damage)
             ... on level 3 of the Dungeon.
             The game lasted 00:11:05 (1139 turns).

BIGCUM the Skirmisher (Minotaur Abyssal Knight)     Turns: 1139, Time: 00:11:10

Health: -1/34      AC: 11    Str: 15 (17) XL:     3   Next: 83%
Magic:  3/3        EV:  5    Int:  7 (9)  God:    Lugonu [*.....]
Gold:   75         SH:  7    Dex:  8 (9)  Spells: 2/2 levels left

rFire    + . .     SeeInvis .   a - +1 falchion
rCold    + . .     Gourm    .   q - +0 shield
rNeg     . . .     Faith    .   l - +0 plate armour {Black Men}
rPois    +         Spirit   .   (helmet restricted)
rElec    +         Reflect  .   (no cloak)
rCorr    +         Harm     .   (no gloves)
MR       .....                  (no boots)
Stlth    ..........             (no amulet)
HPRegen  0.11/turn              m - +4 ring of evasion
MPRegen  0.08/turn              e - ring of poison resistance

@: resistant
A: retaliatory headbutt, horns 2
a: Depart the Abyss, Renounce Religion


You were on level 3 of the Dungeon.
You worshipped Lugonu.
Lugonu was aware of your devotion.
You were hungry.

You visited 1 branch of the dungeon, and saw 3 of its levels.
You visited the Abyss 1 time.

You collected 75 gold pieces.

Inventory:

Hand Weapons
 a - a +1 falchion (weapon)
 j - a +0 club
 n - a +0 mace
 p - a +0 club
Missiles
 f - 6 tomahawks (quivered)
 i - 24 stones
Armour
 b - a +0 leather armour
 l - a +0 plate armour (worn) {Black Men}
 o - a +0 ring mail
 q - a +0 shield (worn)
Jewellery
 e - a ring of poison resistance (right hand)
 m - a +4 ring of evasion (left hand)
Scrolls
 t - a scroll of teleportation
Potions
 d - a potion of agility {unknown}
 h - a potion of haste {unknown}
 s - a potion of flight {unknown}
Comestibles
 c - a bread ration


   Skills:
 + Level 4.7 Fighting
 + Level 3.1 Long Blades
 + Level 2.9 Armour
 + Level 1.3 Dodging
 + Level 0.9 Shields
 + Level 2.1 Invocations


You had 2 spell levels left.
You didn't know any spells.

Dungeon Overview and Level Annotations

Branches:
Dungeon (3/15)

Altars:


Innate Abilities, Weirdness & Mutations

You reflexively headbutt those who attack you in melee.
You have a pair of horns on your head.


Message History

The orc priest looks satisfied for a moment.
The quokka bites you but does no damage.
The adder bites you but does no damage.
A jackal comes into view.
Unknown command.
Unknown command.
As you read the scroll labeled ZUKHOU NURUORPH, it crumbles to dust.
It is a scroll of identify.
t - a scroll of teleportation The jackal barks!
You hear a shout!
You block the quokka's attack. The orc priest barely misses you.
You block the adder's attack.
A jackal comes into view.
You closely miss the adder.
The adder is severely wounded.
The jackal barks!
You hear a shout!
The quokka bites you.
* * * LOW HITPOINT WARNING * * *
The adder bites you.
You die...

..... .# ..h...######.#
...h..#.....>
............#
......h.....#
............#
#.(..o....#
##....S@...#
##########.....r#####
................#
................#
................#
................#
................######
########.............r.
#.......########


You could see an orc priest, an adder, a quokka and 3 jackals.

Vanquished Creatures
  2 adders (D:2)
  A worm (D:2)
  2 dart slugs
  6 bats (D:1)
  A giant cockroach (D:1)
  6 hobgoblins
  4 jackals (D:2)
  2 ball pythons
  6 kobolds
  6 rats
36 creatures vanquished.

Notes
Turn   | Place    | Note
-------+----------+-------------------------------------------
     0 | Abyss:1  | BIGCUM the Minotaur Abyssal Knight began the quest for the Orb.
     0 | Abyss:1  | Reached XP level 1. HP: 19/19 MP: 1/1
    45 | D:1      | Escaped the Abyss
   201 | D:1      | Reached skill level 4 in Fighting
   273 | D:1      | Reached * piety under Lugonu
   283 | D:1      | Reached XP level 2. HP: 25/27 MP: 2/2
   769 | D:2      | Reached XP level 3. HP: 34/34 MP: 3/3
  1139 | D:3      | Slain by an adder

Vault maps used:
D:1:      saegor_arrival_under_anarchy
D:2:      grunt_decor_arrowhead
D:3:      portal_sewer_entry_d
Abyss:1:  kilobyte_mutagenic_chamber

Skill      XL: |  1  2  3 |
---------------+----------+-----
Fighting       | 4 |  4.7
Invocations    | 2 |  2.1
Long Blades    | 3 |  3.1
Armour         | |  2.9
Dodging        | |  1.3
Shields        | |  0.9

Action                   || total
-------------------------++-------
Melee: Falchion          ||   100
       Headbutt          ||    14
Invok: Depart the Abyss  ||     1
  Use: Potion            ||     2
       Scroll            ||     1
Armor: Leather armour    ||    11
       Plate armour      ||    84
Dodge: Dodged            ||    41
Block: Shield            ||    36
       Rpst.: Falchion   ||    15

Table legend:
 A = Spawn XP
 B = Non-spawn XP
 C = Spawn XP percentage of total XP
 D = Spawn monster count
 E = Non-spawn monster count
 F = Spawn count percentage of total count
 G = Total turns spent on level
                    A         B        C        D         E        F      G
               +---------+---------+-------+---------+---------+-------+---------
         Total |       0 |      88 |   0.0 |       0 |      36 |   0.0 |  1139
               +---------+---------+-------+---------+---------+-------+---------
           D:1 |       0 |      34 |   0.0 |       0 |      21 |   0.0 |   693
           D:2 |       0 |      54 |   0.0 |       0 |      15 |   0.0 |   360
               +---------+---------+-------+---------+---------+-------+---------
